 Dungeon Crawl Stone Soup version 0.21-a0-71-g5e5ddd2 (webtiles) character file.

183 HAL9000 the Chopper (level 5, -1/41 HPs)
             Began as a Formicid Fighter on June 19, 2017.
             Slain by Grinder (2 damage)
             ... on level 3 of the Dungeon.
             The game lasted 00:04:51 (2119 turns).

HAL9000 the Chopper (Formicid Fighter)              Turns: 2119, Time: 00:04:52

Health: -1/41      AC:  6    Str: 21    XL:     5   Next: 94%
Magic:  14/14      EV:  7    Int: 12    God:
Gold:   89         SH:  9    Dex: 11    Spells: 4/4 levels left

rFire    . . .     SeeInvis +   o - +1 war axe (chop)
rCold    . . .     Gourm    .   c - +0 shield
rNeg     . . .     Faith    .   b - +0 scale mail
rPois    .         Spirit   .   (helmet unavailable)
rElec    .         Reflect  .   (no cloak)
rCorr    .         Harm     .   (no gloves)
MR       .....                  (no boots)
Stlth    ..........             (no amulet)
HPRegen  0.13/turn              g - ring of magical power
MPRegen  0.14/turn              (no ring)

@: brilliant
A: permanent stasis, dig shafts and tunnels, four strong arms, antennae 3
a: Dig, Shaft Self


You were on level 3 of the Dungeon.
You were not hungry.

You visited 1 branch of the dungeon, and saw 4 of its levels.

You collected 89 gold pieces.

Inventory:

Hand Weapons
 o - a +1 war axe of chopping (weapon)
Armour
 b - a +0 scale mail (worn)
 c - a +0 shield (worn)
Jewellery
 g - a ring of magical power (left hand)
Scrolls
 i - 2 scrolls of enchant armour {unknown}
 j - 2 scrolls of enchant weapon
 l - a scroll of fog {unknown}
 q - 2 scrolls of immolation {unknown}
 s - a scroll of remove curse {unknown}
 t - a scroll of amnesia {unknown}
 w - a scroll of teleportation {unknown}
 y - a scroll of magic mapping {unknown}
Potions
 v - a potion of curing
 z - a potion of lignification {unknown}
Comestibles
 f - 2 bread rations
 n - 2 royal jellies


   Skills:
 - Level 3.2 Fighting
 + Level 5.6 Axes
 - Level 3.2 Armour
 - Level 3.6 Shields


You had 4 spell levels left.
You didn't know any spells.

Dungeon Overview and Level Annotations

Branches:
Dungeon (4/15)
 Temple: D:4-7

Altars:
Dithmenos
Hepliaklqana

Annotations:
D:3 Grinder


Innate Abilities, Weirdness & Mutations

You cannot be hasted, slowed, berserked, paralysed or teleported.
You can dig through walls and to a lower floor.
Your four strong arms can wield two-handed weapons with a shield.
You have a pair of large antennae on your head. (SInv)


Message History

Unknown command.
It was a potion of brilliance.
You feel clever all of a sudden. Grinder gestures at you.
You struggle to resist.
Unknown command.
It was a potion of curing.
You feel better. Grinder gestures at you. Pain shoots through your body!
* * * LOW HITPOINT WARNING * * *
Unknown command.
You are too injured to fight recklessly!
You are too injured to fight recklessly!
Unknown command.
You hit Grinder.
Grinder is lightly wounded.
Grinder hits you!
* * * LOW HITPOINT WARNING * * *
You writhe in agony.
You die...

### ### ###
#.####.####.#
###.##........#
#######.....@5......#
........###'###.....#
####....# #.# #..##.#
........# #.# #...#.#
.###....# #_.
+.....####### ####.#
#.# #.#.........# #.#
#.# #.#########.# #.#
#+# #.# #.# ... ..#
#.#


You could see Grinder.

Vanquished Creatures
  A necrophage (D:3)
  Terence (D:2)
  An ooze (D:1)
  2 dart slugs
  3 leopard geckos
  3 orcs (D:3)
  4 goblins
  2 hobgoblins
  18 jackals
  6 kobolds
  6 bats
  4 frilled lizards
  5 rats
56 creatures vanquished.

Notes
Turn   | Place    | Note
-------+----------+-------------------------------------------
     0 | D:1      | HAL9000 the Formicid Fighter began the quest for the Orb.
     0 | D:1      | Reached XP level 1. HP: 18/18 MP: 1/1
    78 | D:1      | Reached XP level 2. HP: 22/24 MP: 2/2
   718 | D:1      | Reached skill level 3 in Axes
   812 | D:1      | Reached XP level 3. HP: 29/29 MP: 3/3
   855 | D:2      | Noticed Terence
   883 | D:2      | Killed Terence
   883 | D:2      | Reached skill level 4 in Axes
   883 | D:2      | Reached XP level 4. HP: 20/35 MP: 4/4
  1079 | D:2      | You fall through a shaft for 2 floors!
  1423 | D:3      | Noticed a necrophage
  1428 | D:3      | Killed a necrophage
  1428 | D:3      | Reached skill level 5 in Axes
  1428 | D:3      | Reached XP level 5. HP: 31/40 MP: 5/5
  1786 | D:2      | Found a shadowy altar of Dithmenos.
  2086 | D:3      | Found a hazy altar of Hepliaklqana.
  2090 | D:3      | Noticed Grinder
  2114 | D:3      | HP: 1/40 [Grinder/nerve-wracking pain (8)]
  2119 | D:3      | HP: 1/41 [Grinder (7)]
  2119 | D:3      | Slain by Grinder

Vault maps used:
D:1:      dpeg_arrival_boxes_within_box
D:2:      lemuel_crystal_altar, uniq_terence
D:3:      lemuel_doored_altar, uniq_grinder
D:4:      grunt_temple_overflow_forces_of_nature,
          nicolae_overflow_crystal_walls, okawaru_altar_gauntlet_db,
          minmay_temple_entry_grid, first_bread

Skill      XL: |  1  2  3  4 |
---------------+-------------+-----
Axes           | 3 4 5 |  5.6
Fighting       | |  3.2
Armour         | |  3.2
Shields        | |  3.6

Action                   |  1- 3 |  4- 6 || total
-------------------------+-------+-------++-------
Melee: War axe           |    55 |   103 ||   158
  Use: Potion            |       |     6 ||     6
       Scroll            |       |     1 ||     1
  Eat: Chunk             |       |     4 ||     4
Armor: Scale mail        |    22 |    43 ||    65
Dodge: Dodged            |    23 |    37 ||    60
Block: Shield            |    33 |    68 ||   101
